 Dungeon Crawl Stone Soup version 0.19.0 (webtiles) character file.

85 Oroborous the Skirmisher (level 4, -2/57 HPs)
             Began as a Demigod Fighter on Nov 20, 2016.
             Killed by divine providence
             ... invoked by an orc priest
              (10 damage)
             ... on level 4 of the Dungeon.
             The game lasted 00:02:58 (1189 turns).

Oroborous the Skirmisher (Demigod Fighter)          Turns: 1189, Time: 00:02:59

Health: -2/57      AC: 22    Str: 19    XL:     4   Next: 5%
Magic:  6/6        EV:  2    Int: 12    God:
Gold:   122        SH:  9    Dex: 17    Spells: 0 memorised, 3 levels left

rFire  . . .     SeeInvis .     a - +0 trident
rCold  . . .     Gourm    .     (armour currently unavailable)
rNeg   + + +     Faith    .     c - +0 shield
rPois  +         Spirit   .     (helmet currently unavailable)
rElec  .         Reflect  .     (cloak currently unavailable)
rCorr  .         Harm     .     (gloves currently unavailable)
MR     .....     NoTele   +     (boots currently unavailable)
Stlth  ++........               (no amulet)
                                (no ring)
                                (no ring)

@: lethally poisoned (-2 -> -6), tree-form
A: high mp 1
a: no special abilities


You were on level 4 of the Dungeon.
You were not hungry.
You were a tree.
You visited 1 branch of the dungeon, and saw 3 of its levels.

You collected 122 gold pieces.

Inventory:

Hand Weapons
 a - a +0 trident (weapon)
Armour
 c - a +0 shield (worn)
 e - a +0 plate armour (melded)
Scrolls
 b - 2 scrolls of remove curse {unknown}
 i - a scroll of teleportation {unknown}
 j - a scroll of fear {unknown}
 l - a scroll of enchant armour {unknown}
Potions
 d - a potion of might
 m - a potion of flight {unknown}
 n - a potion of heal wounds {unknown}
 o - a potion of cure mutation {unknown}
Comestibles
 f - 4 bread rations
 g - 2 chunks of flesh
 h - a slice of pizza
 p - a meat ration


   Skills:
 * Level 3.4 Fighting
 * Level 2.9 Polearms
 + Level 2.9 Armour
 + Level 3.1 Shields


You had 3 spell levels left.
You didn't know any spells.

Dungeon Overview and Level Annotations

Branches:
Dungeon (2/15)

Shops:
D:4 ?


Innate Abilities, Weirdness & Mutations

You have an increased reservoir of magic. (+10% MP)


Message History

The worker ant bites you.
* * * LOW HITPOINT WARNING * * *
You are poisoned.
The worker ant poisons you! The gnoll hits you but does no damage.
The orc priest casts a cantrip, but nothing happens.
You puncture the worker ant!
You kill the worker ant!
You have reached level 4!
You feel sick. You block the gnoll's attack.
The orc priest looks encouraged for a moment.
You block the giant cockroach's attack.
Attack whom?
Press: ? - help, Dir - move target cursor, f - giant cockroach
Aim: a giant cockroach (clinging)
You puncture the giant cockroach!
You kill the giant cockroach!
You feel sick. You block the gnoll's attack.
The orc priest mumbles some strange prayers to Beogh against you.
Beogh smites you!
You die...

#..# #..# #..##
#...#≈≈
##########..##≈≈
######.....#.....#≈w≈
#...♣)ro.........#≈≈s
##...##gg.........##r≈
#8...8#............# ≈
##...##..w.........+##
#...##...............
##...##...............
#8...8#............#..
##..(########.....##..
#...##8###8#.##.#####


You could see a worm, an orc priest, 2 gnolls and a rat.

Vanquished Creatures
  A worker ant (D:4)
  2 adders
  2 oozes (D:1)
  A dart slug (D:2)
  A leopard gecko (D:1)
  An orc (D:4)
  4 giant cockroaches
  3 goblins
  4 hobgoblins
  A kobold (D:1)
  6 bats
  A frilled lizard (D:1)
  A jackal skeleton (D:4)
  3 rats
31 creatures vanquished.

Notes
Turn   | Place    | Note
-------+----------+-------------------------------------------
     0 | D:1      | Oroborous the Demigod Fighter began the quest for the Orb.
     0 | D:1      | Reached XP level 1. HP: 18/18 MP: 3/3
   241 | D:1      | Reached XP level 2. HP: 25/26 MP: 4/4
   861 | D:2      | Reached XP level 3. HP: 30/31 MP: 5/5
  1045 | D:2      | You fall through a shaft for 2 floors!
  1135 | D:4      | Found Wierr's Magic Scroll Shop.
  1188 | D:4      | Reached XP level 4. HP: 10/38 MP: 6/6
  1189 | D:4      | Killed from afar by an orc priest

Skill      XL: |  1  2  3 |
---------------+----------+-----
Fighting       | 3 |  3.4
Polearms       | 2 |  2.9
Shields        | 3 |  3.1
Armour         | |  2.9

Action                   |  1- 3 |  4- 6 || total
-------------------------+-------+-------++-------
Melee: Trident           |   132 |     1 ||   133
  Use: Potion            |     1 |       ||     1
  Eat: Chunk             |     1 |       ||     1
Armor: Plate armour      |    68 |       ||    68
       Skin              |     9 |       ||     9
Dodge: Dodged            |    21 |       ||    21
Block: Shield            |    78 |     3 ||    81
